Map: 匹昂台地

Players

shengy

  • Race: Zerg Zerg
  • League: Gold

venividivici - Winner!

  • Race: Protoss Protoss
  • League: Platinum

VOD

Have the link to the VOD?

Description

Time

  • Played on: Nov. 27, 2015, 12:55 a.m.
  • Length: 21:37
Show
View Real Time Build Order
Export as new Build Order

shengy Zerg 

Build Orders: Pool First 

Get SALT Encoding   

  12  0:01  Drone  
  13  0:11  Drone  
  14  0:27  Spawning Pool  
  13  0:30  Drone  
  14  0:38  Overlord  
  14  0:56  Drone x3  
  17  1:07  Extractor  
  16  1:12  Drone  
  16  1:14  Queen  
  19  1:29  Roach Warren  
  19  1:30  Drone x2  
  20  1:42  Overlord  
  20  2:14  Roach  
  20  2:15  Roach x2  
  26  2:23  Roach x2  
  30  2:40  Overlord  
  30  2:45  Hatchery  
  29  2:56  Zergling x2  
  30  2:59  Zergling x10  
  30  3:04  Metabolic Boost  
  29  3:56  Overlord  
  29  3:59  Spore Crawler  
  26  4:03  Drone  
  26  4:05  Roach x4  
  33  4:13  Drone  
  30  4:17  Drone  
  31  4:24  Spore Crawler  
  30  4:33  Queen  
  30  4:36  Ravager  
  30  4:37  Roach x2  
  37  4:39  Spore Crawler  
  37  4:45  Spore Crawler  
  36  4:53  Drone x5  
  36  4:58  Ravager  
  42  5:08  Extractor  
  42  5:14  Queen  
  43  5:42  Overlord  
  43  5:45  Overlord x2  
  43  5:47  Drone x2  
  43  5:49  Queen, Roach x2  
  49  5:52  Ravager  
  52  6:14  Drone x2  
  52  6:15  Overlord x2  
  54  6:18  Spore Crawler  
  54  6:21  Spore Crawler  
  54  6:24  Spore Crawler  
  51  6:27  Zergling x2  
  51  6:31  Zergling x2  
  53  7:00  Ravager  
  58  7:01  Roach x3  
  58  7:09  Roach x4  
  66  7:19  Drone x2  
  63  7:33  Queen  
  55  8:06  Roach x6  
  55  8:09  Queen  
  55  8:10  Drone x2  
  69  8:31  Lair  
  67  8:37  Ravager  
  68  8:44  Queen  
  66  9:20  Roach x5  
  66  9:21  Roach  
  71  9:38  Hydralisk Den, Drone  
  69  9:53  Hatchery  
  68  10:13  Zergling x2  
  68  10:14  Zergling x2  
  70  10:18  Ravager x2  
  70  10:19  Ravager x3  
  70  10:20  Ravager  
  76  10:23  Zergling x4  
  76  10:24  Zergling x2  
  76  10:27  Drone  
  80  10:48  Overlord x2  
  81  10:50  Drone  
  81  10:54  Hydralisk  
  82  11:22  Hydralisk x3  
  88  11:33  Drone x3  
  91  11:40  Spine Crawler  
  90  11:50  Drone  
  90  11:51  Hydralisk  
  90  11:53  Drone  
  90  11:54  Drone  
  95  12:06  Hydralisk x2  
  98  12:09  Drone  
  82  12:36  Hydralisk x5  
  72  12:55  Zergling x10  
  72  12:56  Zergling x2  
  78  13:05  Drone x3  
  80  13:10  Overseer  
  81  13:23  Hydralisk x3  
  81  13:24  Hydralisk  
  89  13:29  Overseer  
  89  13:34  Extractor x2, Overlord  
  85  13:38  Queen  
  80  13:54  Spore Crawler  
  80  13:55  Spine Crawler x2  
  77  14:03  Zergling x6  
  77  14:08  Drone  
  77  14:09  Drone  
  58  14:50  Baneling Nest  
  49  14:58  Extractor  
  48  15:05  Spire  
  47  15:08  Overlord x2  
  47  15:30  Hatchery  
  47  15:31  Hatchery  
  47  15:33  Drone x4  
  49  15:36  Drone x5  
  54  15:45  Overseer  
  54  15:47  Pneumatized Carapace  
  53  15:54  Extractor, Roach x3  
  53  15:57  Roach  
  62  16:05  Roach x4  
  62  16:06  Roach x4  
  78  16:20  Mutalisk x3  
  78  16:26  Mutalisk x2  
  82  16:33  Mutalisk  
  82  16:38  Zergling x6  
  87  16:42  Mutalisk  
  87  17:00  Mutalisk x3  
  87  17:01  Mutalisk x2  
  94  17:28  Hatchery  
  93  17:48  Zergling x2  
  93  17:50  Zergling x18  
  93  17:51  Zergling x12  
  101  18:02  Mutalisk x2  
  101  18:22  Baneling  
  101  18:23  Baneling x6  
  101  18:24  Baneling x11  
  101  18:25  Baneling x2  
  85  18:45  Mutalisk x2  
  85  18:46  Mutalisk x5  
  94  18:57  Spine Crawler  
  93  19:07  Overlord  
  93  19:21  Mutalisk x3  
  99  19:27  Infestation Pit  
  99  19:31  Baneling  
  98  19:32  Baneling x2  
  94  19:48  Mutalisk  
  94  19:50  Mutalisk  
  98  19:55  Baneling x2  
  98  20:05  Hatchery  
  98  20:06  Extractor  
  96  20:10  Extractor  
  95  20:18  Zergling x8  
  95  20:19  Zergling x12  
  85  21:06  Mutalisk x2  
  85  21:07  Mutalisk x5  
Show
View Real Time Build Order
Export as new Build Order

venividivici Protoss - Winner!

Build Orders: 1 Gate Expand 

Get SALT Encoding   

  12  0:01  Probe (Chrono Boost)  
  13  0:12  Probe (Chrono Boost)  
  14  0:18  Pylon  
  14  0:22  Probe (Chrono Boost)  
  15  0:36  Probe (Chrono Boost)  
  16  0:44  Gateway  
  16  0:47  Probe (Chrono Boost)  
  17  0:57  Probe (Chrono Boost)  
  18  1:08  Probe (Chrono Boost)  
  19  1:17  Nexus  
  19  1:19  Probe (Chrono Boost)  
  19  1:23  Assimilator  
  20  1:34  Cybernetics Core  
  20  1:39  Assimilator  
  20  1:41  Probe (Chrono Boost)  
  21  1:52  Probe (Chrono Boost)  
  22  2:02  Probe (Chrono Boost)  
  23  2:11  Pylon  
  23  2:15  Assimilator  
  23  2:29  Probe (Chrono Boost), Zealot  
  26  2:33  Forge  
  26  2:39  Probe (Chrono Boost)  
  26  2:41  Stargate  
  27  2:47  Pylon  
  27  2:50  Probe x2 (Chrono Boost)  
  29  3:00  Probe (Chrono Boost)  
  29  3:01  Mothership Core (Chrono Boost)  
  32  3:08  Photon Cannon  
  32  3:11  Probe (Chrono Boost)  
  33  3:19  Probe (Chrono Boost)  
  34  3:21  Probe (Chrono Boost)  
  33  3:28  Probe (Chrono Boost)  
  33  3:30  Void Ray (Chrono Boost)  
  37  3:42  Pylon  
  37  3:43  Pylon  
  34  3:58  Pylon  
  34  4:00  Photon Cannon  
  34  4:13  Probe  
  34  4:14  Probe  
  36  4:23  Probe  
  36  4:27  Probe  
  38  4:49  Probe  
  38  4:50  Probe  
  37  4:55  Photon Cannon  
  37  5:02  Void Ray (Chrono Boost)  
  37  5:04  Warp Gate (Chrono Boost)  
  41  5:08  Pylon  
  41  5:10  Pylon  
  41  5:22  Pylon, Nexus  
  41  5:25  Pylon  
  39  5:28  Mothership Core (Chrono Boost)  
  40  5:41  Pylon  
  37  5:43  Photon Cannon, Probe  
  37  5:47  Pylon  
  39  5:55  Probe  
  39  6:09  Void Ray (Chrono Boost)  
  42  6:20  Protoss Ground Weapons Level 1, Probe  
  43  6:32  Probe  
  44  6:44  Probe  
  45  6:51  Pylon, Photon Cannon  
  41  6:54  Pylon  
  41  6:57  Probe  
  42  7:03  Probe  
  42  7:05  Photon Cannon  
  42  7:07  Pylon  
  43  7:27  Probe  
  44  7:32  Probe  
  45  7:39  Probe  
  45  7:42  Pylon, Probe  
  47  7:44  Photon Cannon  
  47  7:51  Probe  
  48  7:53  Probe  
  49  7:59  Void Ray  
  49  8:03  Probe x2  
  53  8:07  Stalker  
  53  8:12  Pylon  
  55  8:14  Probe  
  55  8:15  Probe  
  55  8:16  Pylon  
  57  8:21  Assimilator  
  57  8:27  Probe  
  57  9:07  Probe  
  57  9:08  Probe  
  59  9:15  Cybernetics Core  
  55  9:19  Gateway  
  55  9:20  Assimilator  
  55  9:23  Nexus  
  43  9:44  Probe x2  
  43  9:53  Gateway  
  43  9:54  Probe  
  43  9:55  Probe  
  43  9:57  Gateway x2  
  43  9:59  Gateway  
  39  10:00  Pylon  
  39  10:04  Twilight Council  
  39  10:05  Probe  
  39  10:06  Pylon  
  32  10:10  Pylon  
  32  10:12  Pylon  
  32  10:14  Stalker  
  32  10:15  Forge  
  34  10:30  Probe x2  
  34  10:31  Charge (Chrono Boost)  
  36  10:40  Probe x2  
  38  10:43  Assimilator  
  38  10:48  Assimilator  
  38  10:50  Zealot x2  
  38  10:54  Probe  
  38  10:55  Probe  
  44  10:57  Stargate  
  44  11:06  Probe  
  44  11:07  Probe  
  46  11:15  Protoss Ground Weapons Level 2 (Chrono Boost)  
  46  11:18  Probe  
  46  11:19  Probe  
  46  11:21  Pylon  
  48  11:31  Mothership Core  
  49  11:40  Photon Cannon, Dark Shrine  
  49  11:43  Zealot x2  
  49  11:46  Stargate  
  53  11:49  Void Ray  
  55  12:05  Zealot x3  
  61  12:20  Zealot x2  
  58  12:33  Zealot x3  
  50  12:45  Zealot x2  
  50  12:47  Probe  
  55  12:56  Dark Templar x2  
  59  12:59  Probe  
  59  13:04  Probe  
  60  13:11  Probe  
  62  13:14  Pylon  
  62  13:19  Pylon, Photon Cannon  
  62  13:23  Probe  
  62  13:26  Zealot x3  
  68  13:31  Zealot  
  68  13:32  Zealot  
  71  13:35  Probe  
  68  13:46  Probe  
  68  13:47  Probe  
  70  13:50  Stalker x2  
  74  13:57  Probe  
  74  13:59  Probe  
  76  14:07  Probe  
  77  14:11  Probe  
  78  14:18  Probe  
  78  14:19  Dark Templar  
  78  14:23  Probe  
  79  14:34  Stalker x2  
  79  14:35  Stalker  
  79  14:39  Zealot  
  81  15:10  Zealot  
  83  15:16  Nexus  
  83  15:19  Pylon  
  83  15:22  Zealot x2  
  83  15:23  Pylon, Zealot x2  
  83  15:24  Pylon  
  83  15:25  Dark Shrine  
  91  15:31  Protoss Ground Weapons Level 3 (Chrono Boost)  
  91  15:44  Zealot x2  
  95  15:54  Probe  
  95  15:55  Probe  
  97  16:03  Photon Cannon  
  97  16:04  Pylon, Probe  
  97  16:05  Pylon  
  97  16:07  Probe  
  99  16:13  Fleet Beacon, Zealot x3  
  103  16:31  Probe  
  103  16:33  Probe  
  103  16:34  Probe  
  106  16:41  Photon Cannon  
  106  16:42  Probe  
  106  16:44  Probe  
  106  16:45  Probe  
  106  16:46  Dark Templar x2  
  113  16:53  Probe  
  113  16:55  Probe  
  113  16:57  Probe  
  116  17:05  Carrier x2 (Chrono Boost)  
  128  17:09  Probe  
  128  17:12  Zealot  
  128  17:13  Assimilator  
  128  17:15  Assimilator  
  131  17:22  Stalker x3  
  135  17:30  Probe  
  136  17:41  Protoss Air Weapons Level 1  
  132  17:48  Stalker x4  
  139  17:56  Photon Cannon  
  139  17:59  Photon Cannon  
  133  18:14  Zealot  
  133  18:15  Zealot x3  
  137  18:49  Phoenix x2 (Chrono Boost)  
  139  19:11  Phoenix x2 (Chrono Boost)  
  139  19:12  Nexus  
  141  19:22  Dark Templar x4  
  147  19:33  Phoenix x2 (Chrono Boost)  
  151  20:02  Photon Cannon  
  151  20:03  Pylon  
  151  20:05  Photon Cannon  
  151  20:06  Pylon  
  151  20:10  Pylon  
  151  20:14  Anion Pulse-Crystals (Chrono Boost)  
  151  20:18  Phoenix  
  151  20:21  Phoenix  
  151  20:23  Probe  
  151  20:24  Probe x2  
  152  20:36  Probe  
  141  20:46  Phoenix  
  141  20:55  Probe  
  141  20:56  Probe  
  143  21:00  Probe x2  
  141  21:06  Probe  
  141  21:09  Probe  
  141  21:10  Probe  
  139  21:11  Phoenix  
  139  21:12  Probe  
  139  21:13  Zealot x2  
  139  21:14  Dark Templar x2  
  139  21:16  Probe  
  118  21:34  Pylon  
Tags
 
Add a new tag
Caveats
  • Supply blocks, unpowered buildings, or Contaminate may cause inaccurate times.
  • Supply counts are checked every 10 seconds.